Map: Orbital Shipyard

Players

ShoWTimE - Winner!

  • Race: Protoss Protoss
  • League: Master

Dayshi

  • Race: Terran Terran
  • League: Grandmaster

Event: Homestory Cup XII

VOD

Have the link to the VOD?

Description

Time

  • Played on: Dec. 17, 2015, 9:31 a.m.
  • Length: 10:16

All games in this series

Show
View Real Time Build Order
Export as new Build Order

ShoWTimE Protoss - Winner!

Build Orders: Oracle Opening 

Get SALT Encoding   

  12  0:08  Pylon  
  12  0:13  Probe (Chrono Boost)  
  13  0:27  Gateway  
  13  0:30  Probe (Chrono Boost)  
  14  0:36  Assimilator  
  14  0:40  Probe (Chrono Boost)  
  15  0:46  Assimilator  
  15  0:51  Probe (Chrono Boost)  
  16  1:01  Probe (Chrono Boost)  
  17  1:12  Probe (Chrono Boost)  
  17  1:14  Cybernetics Core  
  18  1:22  Probe (Chrono Boost)  
  19  1:31  Pylon  
  19  1:33  Probe (Chrono Boost)  
  20  1:44  Probe (Chrono Boost)  
  21  1:50  Adept  
  25  1:54  Mothership Core (Chrono Boost)  
  25  2:03  Stargate  
  25  2:11  Warp Gate  
  25  2:13  Probe (Chrono Boost)  
  26  2:18  Adept  
  28  2:25  Pylon  
  28  2:29  Probe (Chrono Boost)  
  29  2:39  Probe (Chrono Boost)  
  30  2:46  Oracle (Chrono Boost)  
  34  2:57  Pylon x2  
  33  3:04  Probe  
  31  3:15  Nexus  
  31  3:26  Oracle (Chrono Boost)  
  34  3:28  Probe  
  33  3:40  Probe  
  34  3:52  Probe  
  35  3:57  Oracle (Chrono Boost)  
  36  4:04  Probe  
  34  4:16  Probe  
  35  4:27  Probe  
  35  4:28  Probe  
  37  4:38  Probe (Chrono Boost)  
  37  4:40  Probe (Chrono Boost)  
  37  4:41  Nexus  
  39  4:47  Pylon  
  39  4:50  Probe (Chrono Boost)  
  39  4:52  Mothership Core (Chrono Boost)  
  42  4:55  Twilight Council  
  42  5:00  Probe (Chrono Boost)  
  43  5:08  Gateway  
  43  5:09  Gateway  
  43  5:10  Probe (Chrono Boost)  
  43  5:11  Probe (Chrono Boost)  
  45  5:21  Probe x2 (Chrono Boost)  
  47  5:31  Probe (Chrono Boost)  
  47  5:32  Probe (Chrono Boost)  
  49  5:36  Blink (Chrono Boost)  
  49  5:42  Probe x2 (Chrono Boost)  
  51  5:47  Robotics Facility, Assimilator  
  51  5:52  Probe (Chrono Boost), Assimilator  
  51  5:54  Probe (Chrono Boost), Gateway  
  51  5:56  Probe (Chrono Boost)  
  54  5:58  Gateway  
  54  6:03  Probe x2 (Chrono Boost)  
  55  6:05  Gateway  
  55  6:08  Probe (Chrono Boost)  
  57  6:12  Sentry  
  57  6:14  Probe  
  57  6:16  Pylon  
  57  6:17  Probe  
  60  6:20  Pylon  
  60  6:22  Pylon, Phoenix  
  63  6:27  Probe  
  63  6:32  Adept x2  
  68  6:36  Warp Prism (Chrono Boost)  
  68  6:37  Probe  
  71  6:40  Probe  
  71  6:43  Probe  
  71  6:45  Pylon  
  73  6:48  Probe  
  73  6:52  Probe  
  75  6:56  Robotics Bay  
  75  6:57  Adept x2  
  75  6:59  Probe  
  80  7:05  Adept x2  
  84  7:12  Pylon  
  84  7:13  Probe x2  
  84  7:14  Probe  
  87  7:18  Stalker  
  87  7:19  Pylon  
  87  7:20  Stalker, Resonating Glaives  
  91  7:23  Probe  
  91  7:25  Probe  
  91  7:27  Probe  
  94  7:31  Pylon  
  94  7:34  Stalker, Probe  
  97  7:37  Stalker  
  97  7:40  Probe  
  97  7:42  Assimilator  
  103  7:44  Probe, Disruptor (Chrono Boost)  
  103  7:48  Assimilator  
  104  7:56  Stalker x4  
  104  7:58  Probe  
  113  8:07  Pylon  
  113  8:08  Stalker x2  
  117  8:14  Forge, Pylon  
  117  8:16  Forge  
  117  8:18  Pylon  
  117  8:21  Disruptor (Chrono Boost)  
  117  8:24  Pylon  
  120  8:33  Adept x3  
  120  8:34  Adept x2  
  128  8:45  Nexus  
  128  8:48  Pylon  
  120  8:50  Stalker  
  110  8:56  Stalker  
  110  8:57  Adept  
  114  9:05  Stalker  
  114  9:09  Disruptor (Chrono Boost)  
  119  9:25  Stalker  
  119  9:26  Stalker x3  
  119  9:28  Zealot x2  
  131  9:32  Pylon  
  131  9:33  Pylon  
  125  9:40  Disruptor (Chrono Boost)  
  126  9:51  Stalker x5  
  130  10:00  Probe  
  124  10:08  Stalker  
  124  10:11  Photon Cannon  
Show
View Real Time Build Order
Export as new Build Order

Dayshi Terran 

Build Orders: MMM Bio 

Get SALT Encoding   

  12  0:00  SCV  
  13  0:12  SCV  
  14  0:17  Supply Depot  
  14  0:25  SCV  
  15  0:39  SCV  
  15  0:40  Barracks  
  16  0:51  SCV  
  17  1:02  Refinery  
  17  1:03  SCV  
  18  1:15  SCV  
  19  1:28  Marine, Orbital Command  
  20  1:35  Command Center  
  20  1:44  Supply Depot  
  20  1:46  Marine  
  21  1:53  SCV  
  22  2:04  Marine  
  22  2:06  SCV  
  22  2:08  Factory  
  24  2:15  Bunker  
  24  2:22  Marine  
  24  2:24  SCV  
  25  2:31  Barracks  
  25  2:36  SCV  
  26  2:41  Marine  
  27  2:51  Widow Mine  
  27  2:53  Orbital Command  
  27  2:54  SCV  
  30  3:10  Barracks Reactor  
  30  3:12  SCV  
  31  3:18  Barracks Tech Lab  
  31  3:21  Factory Tech Lab  
  31  3:22  Refinery  
  31  3:24  SCV  
  31  3:25  SCV  
  32  3:37  SCV  
  32  3:41  SCV  
  28  3:44  Marine  
  28  3:48  Marine x2  
  29  3:49  SCV  
  29  3:53  SCV  
  30  4:01  SCV, Marine  
  30  4:02  Cyclone  
  34  4:05  SCV  
  34  4:08  Marine  
  34  4:09  Marine  
  36  4:13  SCV  
  33  4:17  SCV  
  33  4:19  Marine  
  31  4:25  SCV  
  31  4:26  Marine x2  
  31  4:29  SCV  
  34  4:37  SCV, Marine  
  36  4:41  SCV  
  36  4:44  Marine x2  
  39  4:49  SCV  
  39  4:51  Supply Depot  
  40  4:53  SCV, Siege Tank  
  40  4:55  Supply Depot, Marine  
  40  4:57  Engineering Bay  
  40  4:59  Refinery  
  45  5:06  SCV  
  46  5:13  SCV  
  47  5:15  Stimpack  
  47  5:18  SCV  
  48  5:25  SCV  
  48  5:30  SCV  
  48  5:34  Marine  
  45  5:37  SCV  
  45  5:42  Missile Turret  
  44  5:43  SCV  
  44  5:44  Missile Turret, Marine x2  
  44  5:49  SCV  
  48  5:52  Marine  
  48  5:53  Terran Infantry Weapons Level 1  
  48  5:55  SCV  
  50  6:01  SCV  
  51  6:07  SCV  
  51  6:09  Starport  
  52  6:14  SCV, Marine  
  52  6:15  Marine  
  55  6:19  SCV  
  55  6:20  Marauder  
  58  6:26  SCV  
  62  6:40  Barracks  
  62  6:42  Supply Depot  
  62  6:45  SCV x2  
  61  6:47  Starport Reactor  
  61  6:49  Factory Reactor  
  61  6:51  Command Center  
  61  6:57  SCV  
  62  7:01  Supply Depot  
  62  7:04  SCV, Marine, Marauder  
  62  7:06  Supply Depot, Marine  
  67  7:12  SCV  
  67  7:15  Combat Shields  
  68  7:16  SCV  
  69  7:24  SCV, Medivac, Refinery, Supply Depot  
  69  7:25  Medivac  
  69  7:28  Concussive Shells  
  76  7:30  Marauder  
  76  7:33  Marauder  
  76  7:35  Marine x2  
  80  7:37  Widow Mine  
  80  7:40  Widow Mine  
  80  7:41  SCV  
  80  7:44  SCV  
  86  7:58  Marauder x2  
  89  7:59  Medivac, Marine x2  
  89  8:03  Orbital Command, Medivac  
  89  8:04  SCV x2  
  97  8:09  Missile Turret  
  97  8:14  Missile Turret, Widow Mine x2  
  97  8:16  SCV  
  97  8:17  SCV  
  103  8:20  Terran Infantry Armor Level 1  
  103  8:24  Marauder  
  101  8:27  Marauder, Orbital Command  
  101  8:32  SCV x2  
  101  8:33  Marine x2  
  96  8:44  SCV  
  96  8:45  Marauder  
  96  8:48  SCV  
  88  8:53  SCV  
  85  8:56  SCV  
  85  9:00  SCV  
  87  9:05  SCV  
  87  9:06  Marauder, Marine x2  
  87  9:08  SCV  
  93  9:12  Marauder  
  93  9:13  Medivac x2  
  93  9:15  SCV  
  100  9:21  SCV  
  100  9:23  Marine  
  99  9:28  Barracks  
  99  9:29  Barracks  
  96  9:34  Marauder, Marine x2  
  96  9:37  Widow Mine x2  
  93  9:41  Marine  
  85  9:48  Barracks x2  
  85  9:52  Marine  
  85  9:53  Marauder  
  85  9:55  Marine  
Tags
 
Add a new tag
Caveats
  • Supply blocks, unpowered buildings, or Contaminate may cause inaccurate times.
  • Supply counts are checked every 10 seconds.